 Dungeon Crawl Stone Soup version 0.18.1-50-g88ac8fd (webtiles) character file.

63 mopl the Sneak (level 4, -4/23 HPs)
             Began as a Vine Stalker Warper on May 17, 2017.
             Shot with a sling bullet by a goblin (5 damage)
             ... on level 2 of the Dungeon.
             The game lasted 00:02:05 (1276 turns).

mopl the Sneak (Vine Stalker Warper)                Turns: 1276, Time: 00:02:06

Health: -4/23      AC:  3    Str: 14    XL:     4   Next: 9%
Magic:  0/8        EV: 11    Int: 13    God:
Gold:   52         SH:  0    Dex: 14    Spells: 1 memorised, 6 levels left

rFire  . . .     SeeInvis .     a - +0 falchion
rCold  . . .     Gourm    .     b - +0 leather armour
rNeg   . . .     Faith    .     (no shield)
rPois  .         Spirit   +     (no helmet)
rElec  .         Dismiss  .     (no cloak)
rCorr  .         Reflect  .     (no gloves)
SustAt .         Harm     .     (no boots)
MR     .....                    (no amulet)
Stlth  ++........               (no ring)
                                (no ring)

@: not resistant to hostile enchantments, unstealthy
A: fangs 2, regeneration 1, magic shield, antimagic bite, no device heal 3, rot
immunity
a: no special abilities


You were on level 2 of the Dungeon.
You were not hungry.

You visited 1 branch of the dungeon, and saw 2 of its levels.

You collected 52 gold pieces.

Inventory:

Hand Weapons
 a - a +0 falchion (weapon)
Missiles
 e - 5 tomahawks of dispersal
 o - 8 tomahawks (quivered)
Armour
 b - a +0 leather armour (worn)
Jewellery
 i - an uncursed amulet of dismissal
Scrolls
 d - a scroll of blinking
 h - a scroll of remove curse {unknown}
 k - a scroll of enchant armour {unknown}
 l - 3 scrolls of teleportation {unknown}
 r - 2 scrolls of identify {unknown}
Potions
 g - a potion of cure mutation {unknown}
 j - a potion of lignification {unknown}
 m - a potion of berserk rage {unknown}
 n - 2 potions of cancellation {unknown}
 q - a potion of brilliance {unknown}
 s - a potion of curing {unknown}
Books
 c - a book of Spatial Translocations

   Spells                             Type                      Level
   a - Apportation                    Translocation                1
   b - Blink                          Translocation                2
   c - Shroud of Golubria             Charms/Translocation         2
   d - Portal Projectile              Translocation                3
   e - Teleport Other                 Translocation                3
   f - Passage of Golubria            Translocation                4
Comestibles
 f - a bread ration
 p - a chunk of flesh


   Skills:
 - Level 1.7 Fighting
 + Level 2.5 Long Blades
 - Level 0.8 Throwing
 - Level 0.7 Armour
 - Level 1.5 Dodging
 * Level 3.8 Stealth
 - Level 2.1 Spellcasting
 - Level 3.0 Translocations


You had 6 spell levels left.
You knew the following spells:

 Your Spells              Type           Power        Failure   Level  Hunger
a - Apportation           Tloc           #.........   12%         1    ##.....


Dungeon Overview and Level Annotations

Branches:
Dungeon (2/15)

Altars:
Yredelemnul


Innate Abilities, Weirdness & Mutations

You have extremely sharp teeth.
Your natural rate of healing is unusually fast.
When hurt, damage is shared between your health and your magic reserves.
Your bite disrupts and absorbs the magic of your enemies.
Potions and wands cannot restore your health.
You are immune to rotting.


Message History

You are too injured to fight recklessly!
You are too injured to fight recklessly!
You are too injured to fight recklessly!
You are too injured to fight recklessly!
You are too injured to fight recklessly!
You are too injured to fight recklessly!
You are too injured to fight recklessly!
You are too injured to fight recklessly!
Unknown command.
The goblin unwields an uncursed dagger.
The goblin wields an uncursed hunting sling.
The goblin shoots a sling bullet.
The sling bullet hits you.
* * * LOW HITPOINT WARNING * * *
You see here 2 sling bullets.
You see here a sling bullet.
The goblin shoots a sling bullet.
The sling bullet hits you.
* * * LOW HITPOINT WARNING * * *
You see here 2 sling bullets.
The goblin shoots a sling bullet.
The sling bullet hits you.
You die...

....... ..... ## ##
#...# #####. .#
#.w.# #.....#.. #g#
#...# #(# ##.## #(#
#...
#(##############...
#.@................
################...
#### # # #


You could see a worm and a goblin.

Vanquished Creatures
  2 adders (D:2)
  2 dart slugs (D:1)
  A giant gecko (D:1)
  3 giant cockroaches
  6 goblins
  2 hobgoblins (D:1)
  5 jackals
  2 quokkas (D:2)
  3 bats
  A giant newt (D:1)
  3 kobolds (D:1)
  7 rats
37 creatures vanquished.

Notes
Turn   | Place    | Note
--------------------------------------------------------------
     0 | D:1      | mopl the Vine Stalker Warper began the quest for the Orb.
     0 | D:1      | Reached XP level 1. HP: 11/11 MP: 4/4
   104 | D:1      | Reached skill level 1 in Stealth
   126 | D:1      | Reached skill level 2 in Long Blades
   213 | D:1      | Reached XP level 2. HP: 5/15 MP: 1/6
   300 | D:1      | Reached skill level 2 in Stealth
   513 | D:1      | Reached XP level 3. HP: 18/18 MP: 7/7
   534 | D:1      | Reached skill level 3 in Stealth
  1024 | D:2      | Found a basalt altar of Yredelemnul.
  1082 | D:2      | Reached XP level 4. HP: 6/23 MP: 2/8
  1275 | D:2      | HP: 1/23 [goblin/sling bullet (2)]
  1276 | D:2      | Shot with a sling bullet by a goblin

Skill      XL: |  1  2  3 |
---------------+----------+-----
Stealth        | 1 2 3 |  3.8
Long Blades    | 2 |  2.5
Fighting       | |  1.7
Throwing       | |  0.8
Armour         | |  0.7
Dodging        | |  1.5
Spellcasting   | |  2.1
Translocations | |  3.0

Action                   |  1- 3 |  4- 6 || total
-------------------------+-------+-------++-------
Melee: Falchion          |   108 |     8 ||   116
       Bite              |    18 |     2 ||    20
 Stab: Sleeping          |     3 |     2 ||     5
  Eat: Chunk             |     1 |       ||     1
Armor: Leather armour    |    27 |     4 ||    31
Dodge: Dodged            |    65 |     4 ||    69
